 Dungeon Crawl Stone Soup version 0.13-b1-33-g94b2e5f (webtiles) character file.

627 Lilouch the Skirmisher (level 6, -2/49 HPs)
             Began as a Mummy Fighter on Oct 7, 2013.
             Slain by a killer bee (4 damage)
             ... on Level 3 of the Dungeon.
             The game lasted 00:38:03 (23114 turns).

Lilouch the Skirmisher (Mummy Fighter)             Turns: 23114, Time: 00:38:03

HP  -2/49        AC  6     Str 20      XL: 6   Next: 35%
MP   5/5         EV  6     Int  7      God:
Gold 274         SH 19     Dex 12      Spells:  0 memorised,  5 levels left

Res.Fire  : x . .   See Invis. : .   a - +0,-1 hand axe {=f}
Res.Cold  : + . .   Warding    : .   b - +0 scale mail
Life Prot.: + + +   Conserve   : .   c - +0 shield
Res.Poison: +       Res.Corr.  : .   (no helmet)
Res.Elec. : .       Clarity    : .   (no cloak)
Sust.Abil.: + .     Spirit.Shd : .   (no gloves)
Res.Mut.  : .       Stasis     : .   (no boots)
Res.Rott. : +       Flight     : .   (no amulet)
Saprovore : . . .                    F - ring of flight
                                     h - ring of sustain abilities {unknown}

@: somewhat resistant to hostile enchantments, extremely unstealthy
A: no food or potions, fire vulnerability, restore body, cold resistance 1, life
protection 3, poison resistance, torment resistance, unbreathing
a: Evoke Flight


You were on level 3 of the Dungeon.
You were not hungry.

You visited 1 branch of the dungeon, and saw 7 of its levels.

You collected 254 gold pieces.

Inventory:

Hand weapons
 a - a +0,-1 hand axe (weapon) {=f}
 e - a +0,+2 short sword of speed
 n - a +0,+0 whip
 o - a +2,+2 whip
 u - a +1,+2 whip
 K - a +0,+2 flail of protection
 S - a +1,+0 elven falchion
 U - a +2,+3 halberd
 V - a +0,+0 sling
Missiles
 d - 26 darts (quivered)
 k - 19 exploding sling bullets
 p - 17 darts of flame
 q - 22 poisoned needles
 s - 202 stones
 v - 2 steel darts
 y - 26 sling bullets
 E - 34 arrows
 G - 10 silver bolts
Armour
 b - a +0 scale mail (worn)
 c - a +0 shield (worn)
 Q - a +0 ring mail
Magical devices
 J - a wand of teleportation (2)
 L - a wand of heal wounds (2) {unknown}
 M - a wand of disintegration (17) {unknown}
 R - a wand of draining (10) {unknown}
Comestibles
 j - a honeycomb
 w - an apple
 x - 3 bread rations
 I - 2 chokos
 P - a cheese
Scrolls
 f - 3 scrolls of enchant armour {unknown}
 i - 3 scrolls of enchant weapon I {unknown}
 l - 6 scrolls of remove curse {unknown}
 m - 2 scrolls of teleportation {unknown}
 r - 3 scrolls of noise {unknown}
 B - a scroll of identify {unknown}
 C - 2 scrolls of recharging {unknown}
 H - a scroll of blinking {unknown}
 O - a scroll of magic mapping {unknown}
Jewellery
 h - a ring of sustain abilities (left hand) {unknown}
 A - a cursed -3 ring of strength {unknown}
 F - a ring of flight (right hand)
 T - a +3 ring of dexterity {unknown}
Potions
 g - 3 potions of curing {unknown}
 t - 2 potions of heal wounds {unknown}
 z - a potion of slowing {unknown}
 N - 2 potions of brilliance {unknown}
Books
 D - a book of Annihilations {highlevel}

   This book is beyond your current level of understanding.

   Spells                             Type                      Level
   Poison Arrow                       Conjuration/Poison           6
   Orb of Destruction                 Conjuration                  7
   Chain Lightning                    Conjuration/Air              8
   Lehudib's Crystal Spear            Conjuration/Earth            8
   Ice Storm                          Conjuration/Ice              9
   Fire Storm                         Conjuration/Fire             9


   Skills:
 + Level 4.2 Fighting
 * Level 3.0 Axes
 + Level 3.4 Armour
 - Level 0.7 Dodging
 + Level 3.7 Shields


You had 5 spell levels left.
You didn't know any spells.

Dungeon Overview and Level Annotations

Branches:
Dungeon (7/27)             Temple (0/1) D:6
    Orc: D:6-11

Altars:
Cheibriados
Elyvilon
Fedhas
Makhleb
Nemelex Xobeh
Trog
Yredelemnul
the Shining One

Annotations:
D:4 Sigmund
D:6 Edmund
D:7 Dowan, Duvessa


Innate Abilities, Weirdness & Mutations

You do not eat or drink.
Your flesh is vulnerable to fire.
Your flesh is cold resistant.
You are immune to negative energy.
Your system is resistant to poisons.
You are immune to unholy pain and torment.
You can survive without breathing.


Message History

* * * LOW HITPOINT WARNING * * *
You hit the killer bee.
The killer bee is lightly wounded.
The killer bee stings you but does no damage.
You block the killer bee's attack.
You miss the killer bee.
The killer bee is lightly wounded.
You block the killer bee's attack. The killer bee barely misses you.
You hit the killer bee.
The killer bee is moderately wounded.
You block the killer bee's attack. The killer bee closely misses you.
You miss the killer bee.
The killer bee is moderately wounded.
The killer bee stings you!
* * * LOW HITPOINT WARNING * * *
You block the killer bee's attack. The killer bee stings you.
* * * LOW HITPOINT WARNING * * *
The killer bee stings you.
You die...

..............##%.#
.....###########..#
##................#
###############..# #..#
#..# #..# #k.# #@.# #..#
#..# # #..# # #..#
################..########
##.......................#
..........######..######.#
....................####.#


You could see a killer bee.

Vanquished Creatures
  A jelly (D:6)
  An iguana (D:6)
  A hound (D:4)
  A worker ant (D:5)
  Terence (D:2)
  6 adders
  A giant mite (D:1)
  4 worms
  An adder zombie (D:6)
  An iguana skeleton (D:2)
  An adder skeleton (D:4)
  2 giant geckos
  3 oozes
  6 orcs
  2 ball pythons (D:1)
  12 bats
  7 giant cockroaches
  18 goblins
  18 hobgoblins
  4 jackals
  14 kobolds
  2 quokkas
  7 giant newts
  A hobgoblin skeleton (D:4)
  12 rats
  A bush (D:4)
128 creatures vanquished.

Vanquished Creatures (others)
  A giant spore (D:6)
1 creature vanquished.

Grand Total: 129 creatures vanquished

Notes
Turn   | Place    | Note
--------------------------------------------------------------
     0 | D:1      | Lilouch, the Mummy Fighter, began the quest for the Orb.
     0 | D:1      | Reached XP level 1. HP: 18/18 MP: 0/0
   118 | D:1      | Reached XP level 2. HP: 13/24 MP: 1/1
   891 | D:2      | Found a basalt altar of Yredelemnul.
   904 | D:2      | Found a white marble altar of Elyvilon.
   918 | D:2      | Found a bloodstained altar of Trog.
   939 | D:2      | Reached XP level 3. HP: 27/30 MP: 2/2
  1157 | D:2      | Found a burning altar of Makhleb.
  1158 | D:2      | Found a sparkling altar of Nemelex Xobeh.
  1160 | D:2      | Found a snail-covered altar of Cheibriados.
  9874 | D:1      | Noticed a five-headed hydra
 10133 | D:2      | Noticed Terence
 10143 | D:2      | Reached XP level 4. HP: 30/36 MP: 3/3
 10358 | D:2      | Found a glowing golden altar of the Shining One.
 11854 | D:1      | Noticed a centaur warrior
 12354 | D:1      | Noticed a yak
 12480 | D:2      | Killed Terence
 15243 | D:2      | Reached XP level 5. HP: 11/42 MP: 4/4
 19025 | D:2      | Noticed a seven-headed hydra
 19979 | D:4      | Found a blossoming altar of Fedhas.
 20028 | D:4      | Reached skill level 4 in Fighting
 21350 | D:4      | Noticed Sigmund
 21382 | D:5      | Entered Level 5 of the Dungeon
 21694 | D:4      | HP: 2/42 [worm (1)]
 22135 | D:5      | Reached XP level 6. HP: 37/49 MP: 5/5
 22214 | D:5      | Noticed an ogre
 22635 | D:6      | Found a staircase to the Ecumenical Temple.
 22695 | D:7      | Noticed Duvessa
 22695 | D:7      | Noticed Dowan
 23000 | D:6      | Noticed Edmund
 23113 | D:3      | HP: 2/49 [killer bee (2)]
 23114 | D:3      | Slain by a killer bee

Action                   |  1- 3 |  4- 6 || total
-------------------------+-------+-------++-------
Melee: Hand axe          |   216 |   584 ||   800
